 Dungeon Crawl Stone Soup version 0.31-a0-431-g88bdf31460 (webtiles) character file.

Game seed: 15327185500669644398

105 sampeng1 the Ruffian (level 5, -1/39 HPs)
             Began as a Human Shapeshifter on Aug 1, 2023.
             Slain by a goblin
             ... wielding a +0 club
             ... led by Robin
              (3 damage)
             ... on level 3 of the Dungeon.
             The game lasted 00:11:00 (2146 turns).

sampeng1 the Ruffian (Human Shapeshifter)           Turns: 2146, Time: 00:11:00

Health: -1/39      AC: 10    Str: 22    XL:     5   Next: 8%
Magic:  5/5        EV:  7    Int: 12    God:
Gold:   74         SH:  0    Dex: 15    Spells: 4/4 levels left

rFire   + +          .
                       - Unarmed
rCold   + . .        (no shield)
rNeg    . . .        l - +0 plate armour
rPois   +            (helmet currently unavailable)
rElec   +            (cloak currently unavailable)
rCorr   +            (gloves currently unavailable)
SInv    +            (boots currently unavailable)
Will    .....        (no amulet) Stlth
                     g - +6 ring of strength
HPRegen 0.26/turn    d - ring of see invisible
MPRegen 0.09/turn

%: no passive effects
@: beast-form, resistant
A: beast (slay +2), thin skeletal structure 1, clever 1, fire resistance 1
a: Begin Untransformation


You were on level 3 of the Dungeon.
You were a hulking beast.
You visited 1 branch of the dungeon, and saw 3 of its levels.

You collected 74 gold pieces.

Inventory:

Missiles
 k - 2 atropa-tipped darts (quivered)
 m - 2 silver javelins
Armour
 a - a +0 animal skin
 h - a +0 leather armour
 l - a +0 plate armour (worn)
 q - a +0 pair of gloves
Jewellery
 d - a ring of see invisible (right hand)
 g - a +6 ring of strength (left hand)
Talismans
 c - a beast talisman (active)
 p - a talisman of death
Wands
 n - a wand of paralysis (7)
Scrolls
 f - a scroll of revelation {unknown}
 j - 4 scrolls of identify
Potions
 b - a potion of lignification
 e - a potion of heal wounds {unknown}
 o - a potion of magic {unknown}


   Skills:
 + Level 2.3 Fighting
 + Level 2.9 Dodging
 + Level 3.6 Unarmed Combat
 + Level 3.5 Shapeshifting


You had 4 spell levels left.
You didn't know any spells.
Your spell library contained the following spells:

 Spells                   Type           Power      Damage    Failure   Level
 Sublimation of Blood     Necr           0%         N/A       100%        2
 Petrify                  Tmut/Erth      0%         N/A       100%        4
 Irradiate                Conj/Tmut      0%         3d11      100%        5


Dungeon Overview and Level Annotations

Branches:
Dungeon (3/15)

Altars:

Annotations:
D:3 Robin


Innate Abilities, Weirdness & Mutations

You are a hulking beast.
Your limbs bulge with bestial killing power. (Slay +2)
You have a somewhat thin skeletal structure. (Dex +2, Stealth+)
Your mind is acute. (Int +4, Str/Dex -1)
Your flesh is heat resistant. (rF+)


Message History

Robin says, "My goblins will feast on your bones."
Robin hits you but does no damage. The goblin hits you but does no damage.
The goblin hits you with a +0 club.
* * * LOW HITPOINT WARNING * * *
The quokka bites you but does no damage.
You hit the goblin.
You kill the goblin!
Robin barely misses you. The goblin hits you but does no damage.
The quokka closely misses you.
You barely miss the hobgoblin.
The quokka bites you but does no damage.
Robin hits you but does no damage.
The hobgoblin hits you but does no damage.
An orc comes into view. It is wielding a +0 club.
The goblin hits you but does no damage.
A kobold comes into view. It is wielding a +0 whip.
The goblin hits you with a +0 club.
* * * LOW HITPOINT WARNING * * *
You miss the quokka.
The kobold shouts!
The orc shouts!
The quokka bites you but does no damage.
The goblin barely misses you. Robin hits you but does no damage.
The hobgoblin completely misses you. The goblin barely misses you.
You closely miss the hobgoblin. The quokka barely misses you.
Robin throws the goblin at you! The hobgoblin hits you.
* * * LOW HITPOINT WARNING * * *
The goblin barely misses you. The goblin hits you but does no damage.
The goblin barely misses you.
You feel protected.
The goblin no longer looks unusually strong.
The quokka barely misses you. The goblin hits you but does no damage.
Robin roars a battlecry!
The goblin goes into a battle-frenzy!
The goblin barely misses you. x2; The hobgoblin closely misses you.
The quokka bites you.
* * * LOW HITPOINT WARNING * * *
You barely miss the goblin.
The goblin no longer looks unusually strong.
The goblin hits you with a +0 club.
You die...

#.##..##.. #. #.#
#.#..###.. . .#..
#...## #.. ..#####...#
#..## ### .......#..
##..# ..o.K.#.# #...#
#..g.#.#####..##
#.#ggg..##...######
#..ghg..............
......r.!....##.#######
........#..#.##.#
###..............
#..##....####.## #..
##.... ..# #. ###..#
.## .. #...


You could see Robin, an orc, a quokka, a hobgoblin (strong), 4 goblins and a
kobold.

Vanquished Creatures
  4 adders
  3 worms (D:2)
  2 dart slugs
  7 ball pythons
  2 endoplasms
  3 giant cockroaches
  7 goblins
  7 hobgoblins
  2 jackals (D:1)
  4 kobolds
  A quokka (D:2)
  5 bats
  A frilled lizard (D:1)
  7 rats
55 creatures vanquished.

Notes
Turn   | Place    | Note
-------+----------+-------------------------------------------
     0 | D:1      | sampeng1 the Human Shapeshifter began the quest for the
                  | Orb.
     0 | D:1      | Reached XP level 1. HP: 15/15 MP: 1/1
   101 | D:1      | Reached XP level 2. HP: 5/21 MP: 2/2
   168 | D:1      | Found a faded altar of an unknown god.
   685 | D:1      | Reached XP level 3. HP: 26/26 MP: 3/3
  1392 | D:2      | Reached XP level 4. HP: 33/33 MP: 4/4
  1503 | D:2      | Gained mutation: Your mind is acute. (Int +4, Str/Dex -1)
                  | [potion of mutation]
  1503 | D:2      | Gained mutation: Your flesh is heat resistant. (rF+)
                  | [potion of mutation]
  1503 | D:2      | Gained mutation: You have a somewhat thin skeletal
                  | structure. (Dex +2, Stealth+) [potion of mutation]
  2129 | D:3      | Reached XP level 5. HP: 38/38 MP: 5/5
  2130 | D:3      | Noticed Robin
  2146 | D:3      | Slain by a goblin

Illustrated notes

Levels and vault maps discovered:
D:1:      nicolae_arrival_washed_ashore, layout_basic,
          hellmonk_ecumenical_altar_lost_god
D:2:      layout_loops_ring
D:3:      layout_rooms, lemuel_round_altar, grunt_ministairs_4, uniq_robin

Skill      XL: |  1  2  3  4 |
---------------+-------------+-----
Fighting       | 2 |  2.3
Dodging        | |  2.9
Unarmed Combat | |  3.6
Shapeshifting  | |  3.5

Action                     |  1- 3 |  4- 6 || total
---------------------------+-------+-------++-------
  Melee: Unarmed           |    82 |    74 ||   156
         Punch             |     3 |       ||     3
    Use: Scroll            |       |     5 ||     5
         Potion            |       |     4 ||     4
   Stab: Sleeping          |     1 |     2 ||     3
         Invisible         |       |     2 ||     2
 Armour: Animal skin       |    16 |     3 ||    19
         Plate armour      |       |    43 ||    43
  Dodge: Dodged            |    52 |    48 ||   100

Table legend: (Time is in decaauts)
 A = Elapsed time spent in this place.
 B = Non-inter-level travel time spent in this place.
 C = Inter-level travel time spent in this place.
 D = Time resting spent in this place.
 E = Time spent auto-exploring this place.
 F = Levels seen in this place.
 G = Mean time per level.
                   A        B        C        D        E       F      G
               +--------+--------+--------+--------+--------+-----+--------+
         Total |   2135 |   2080 |     55 |      0 |   1493 |   3 |  711.7 |
       Dungeon |   2135 |   2080 |     55 |      0 |   1493 |   3 |  711.7 |
               +--------+--------+--------+--------+--------+-----+--------+

Top non-repeatable levels by time:
     D:1: 1156 daAuts
     D:2: 904 daAuts
     D:3: 74 daAuts
